 Dungeon Crawl Stone Soup version 0.31-a0-640-g39d97e502b (webtiles) character file.

Game seed: 9345367807064211851

126811 javelincjr the Grappler (level 16, -5/165 HPs)
             Began as a Troll Shapeshifter on Aug 28, 2023.
             Was the Champion of Qazlal.
             Slain by a merfolk
             ... wielding a +0 trident
             ... led by a merfolk impaler
              (11 damage)
             ... on level 3 of the Shoals.
             The game lasted 02:27:07 (22522 turns).

javelincjr the Grappler (Troll Shapeshifter)       Turns: 22522, Time: 02:27:07

Health: -5/165     AC: 13    Str: 42    XL:     16   Next: 44%
Magic:  21/21      EV: 13    Int: 10    God:    Qazlal [******]
Gold:   2112       SH:  8    Dex: 13    Spells: 13/15 levels left

rFire   . .          .
                       - Unarmed
rCold   . . .        (shield currently unavailable)
rNeg    . . .        y - +4 robe of Augmentation {Str+4 Int+4 Dex+4}
rPois   .            (helmet restricted)
rElec   .            t - +2 cloak
rCorr   .            (gloves unavailable)
SInv    .            (boots unavailable)
Will    +....        v - amulet of regeneration
Stlth   +            m - +6 ring of strength
HPRegen 2.07/turn    s - ring of flight
MPRegen 0.17/turn

%: repel missiles
@: mighty, blade hands, protected from physical damage, flying, mesmerised,
studying Translocations
A: large, unfitting armour, claws 3, regeneration 1, shaggy fur 1, tough skin 1
a: Begin Untransformation, Renounce Religion, Upheaval, Elemental Force,
Disaster Area


You were on level 3 of the Shoals.
You worshipped Qazlal.
Qazlal was exalted by your worship.
You had blades for hands.
You visited 5 branches of the dungeon, and saw 26 of its levels.
You also visited: Ossuary and Bailey.

You collected 2182 gold pieces.
You spent 70 gold pieces at shops.

Inventory:

Hand Weapons
 i - a +5 demon blade
 P - a +5 trident
 T - a +7 trident of protection
Missiles
 G - 13 curare-tipped darts
 I - 4 silver javelins
 J - 7 atropa-tipped darts
 Q - 52 poisoned darts
Armour
 t - a +2 cloak (worn)
 y - the +4 robe of Augmentation (worn) {Str+4 Int+4 Dex+4}
   (You found it on level 4 of the Dungeon)

   Str+4:     It affects your strength (+4).
   Int+4:     It affects your intelligence (+4).
   Dex+4:     It affects your dexterity (+4).
 U - the +1 robe of Birdsong {+Blink rC- Will+ Str+3}
   (You found it on level 8 of the Dungeon)

   Str+3:     It affects your strength (+3).
   rC-:       It makes you vulnerable to cold.
   Will+:     It increases your willpower.
   +Blink:    It lets you blink.
 V - a +1 tower shield
Jewellery
 m - a +6 ring of strength (left blade hand)
 s - a ring of flight (right blade hand)
 v - an amulet of regeneration (around neck)
 z - a ring of wizardry
 C - a +6 ring of intelligence
 E - a ring of poison resistance
 O - a ring of see invisible
Talismans
 c - a beast talisman
 d - a flux talisman
 D - a serpent talisman
 R - a maw talisman
 S - a blade talisman (active)
Wands
 a - a wand of paralysis (14)
 j - a wand of digging (5)
 l - a wand of polymorph (13)
 r - a wand of flame (89)
 F - a wand of light (10)
 L - a wand of iceblast (12)
Scrolls
 f - 5 scrolls of immolation
 h - 3 scrolls of poison
 k - 2 scrolls of torment
 n - a scroll of vulnerability
 o - 7 scrolls of teleportation
 p - a scroll of blinking
 x - a scroll of fog
 K - 5 scrolls of identify
 N - 2 scrolls of amnesia
 W - 5 scrolls of fear
 X - 4 scrolls of revelation
Potions
 b - 2 potions of lignification
 e - 2 potions of cancellation
 g - 8 potions of curing
 q - a potion of magic
 u - 3 potions of brilliance
 w - 4 potions of mutation
 A - 11 potions of ambrosia
 B - 2 potions of haste
 H - 5 potions of might
 M - 5 potions of resistance
 Z - 6 potions of enlightenment


   Skills:
 * Level 12.1 Fighting
 + Level 6.8 Armour
 + Level 8.9 Dodging
 - Level 0.6 Stealth
 - Level 3.0 Shields
 * Level 14.6 Unarmed Combat
 - Level 5.2 Transmutations
 + Level 9.1 Invocations
 * Level 13.5 Shapeshifting


You had 13 spell levels left.
You knew the following spells:

 Your Spells              Type           Power      Damage    Failure   Level
a - Wereblood             Tmut           10%        N/A       7%          2

Your spell library contained the following spells:

 Spells                   Type           Power      Damage    Failure   Level
 Foxfire                  Conj/Fire      0%         2x1d4     36%         1
 Freeze                   Ice            0%         1d3       36%         1
 Kiss of Death            Conj/Necr      0%         2d5       36%         1
 Necrotise                Necr           0%         1d4       36%         1
 Ensorcelled Hibernation  Hex/Ice        0%         N/A       50%         2
 Static Discharge         Conj/Air       0%         2-2/arc   50%         2
 Confusing Touch          Hex            0%         N/A       75%         3
 Frozen Ramparts          Ice            0%         1d1       75%         3
 Hailstorm                Conj/Ice       0%         3d3       75%         3
 Vampiric Draining        Necr           0%         2d6       75%         3
 Airstrike                Air            0%         2d(0-16)  98%         4
 Anguish                  Hex/Necr       0%         N/A       98%         4
 Dispel Undead            Necr           0%         3d6       98%         4
 Summon Lightning Spire   Summ/Air       0%         N/A       98%         4
 Irradiate                Conj/Tmut      2%         3d12      98%         5
 Agony                    Necr           0%         N/A       100%        5
 Metabolic Englaciation   Hex/Ice        0%         N/A       100%        5
 Plasma Beam              Fire/Air       0%         2x1d10    100%        6
 Starburst                Conj/Fire      0%         6d3       100%        6
 Polar Vortex             Ice            0%         N/A       100%        9


Dungeon Overview and Level Annotations

Branches:
Dungeon (15/15)            Temple (1/1) D:4            Lair (5/5) D:9
 Shoals (3/4) Lair:2       Spider (0/4) Lair:2        Slime (0/5) Lair:4
    Orc (2/2) D:9             Elf (0/3) Orc:2        Vaults (0/5) D:14
 Depths (0/4) D:15        Ossuary (visited)          Bailey (visited)

Altars:
Ashenzari
Cheibriados
Dithmenos
Elyvilon
Fedhas
Gozag
Hepliaklqana
Kikubaaqudgha
Makhleb
Nemelex Xobeh
Okawaru
Qazlal
Ru
Sif Muna
Trog
Uskayaw
Vehumet
Wu Jian
Xom
Yredelemnul
Zin
The Shining One
Jiyva

Shops:
D:3 :   Orc:2 ***[   Shoals:3 !

Annotations:
D:5 3 runed translucent doors, rvierbuc's ghost, novice DsCj


Innate Abilities, Weirdness & Mutations

You have blades for hands.
You are incapable of wielding weapons or throwing items.
You are too large for most types of armour.
You have claws for hands.
Your natural rate of healing is unusually fast.
You are covered in fur. (AC +1)
You have tough skin. (AC +1)


Message History

* * * LOW HITPOINT WARNING * * *
The merfolk siren chants its luring song. x2
The sea snake is engulfed in blazing flames.
The sea snake closely misses you.
The merfolk hits you from afar with a +0 trident.
* * * LOW HITPOINT WARNING * * *
You feel much better.
You hear an angry hiss.
The merfolk impaler is engulfed in a thunderstorm.
The merfolk impaler hits you from afar with a +2 trident of protection!!
* * * LOW HITPOINT WARNING * * *
The merfolk siren chants its luring song. x2
The merfolk aquamancer mumbles some strange words.
The merfolk aquamancer blinks!
The merfolk barely misses you. You block the merfolk impaler's attack.
The sea snake bites you but does no damage.
The merfolk barely misses you.
You feel very mighty all of a sudden.
The merfolk impaler is engulfed in a thunderstorm.
The merfolk impaler hits you from afar with a +2 trident of protection!
* * * LOW HITPOINT WARNING * * *
You feel more protected from physical attacks.
The merfolk siren completely misses you.
The merfolk siren misses you.
The merfolk hits you from afar with a +0 trident!
* * * LOW HITPOINT WARNING * * *
You feel more protected from physical attacks.
You block the merfolk impaler's attack. The merfolk barely misses you.
The sea snake closely misses you.
You slice the merfolk siren!!
The merfolk siren is severely wounded.
The merfolk impaler completely misses you.
The merfolk siren chants its luring song.
The merfolk hits you from afar with a +0 trident.
* * * LOW HITPOINT WARNING * * *
You shred the merfolk siren!!!
You kill the merfolk siren!
Qazlal accepts your kill.
The merfolk hits you from afar with a +0 trident!
You die...

~ ≈≈≈≈≈<~~~~≈≈≈≈≈≈≈≈
≈§≈≈≈≈~~~~~~≈≈≈≈≈≈
≈≈≈≈≈~~~~~~~~~~≈≈≈
≈≈≈≈≈~..~~~~~~~~~≈
~≈≈~.......~~~~~~≈
~≈≈~.§..§☼....~~~~
~~$~~.)S.......~~~~
~~~~~m.@§°.)...~~~~~
~~~~~~.m§°.....~~~~~~
~~~~~☼mm.......~~~~~~
~~~~~~~........~~~~~~
..~~~~~~.†...∩.~~~~~.
#.~~~~~~........~~...
#.~~~~~~............#
#.~~~~~~~......)..~~.
.~~~≈~~~~........~~~~.~


You could see a merfolk impaler, a sea snake (slow), 2 merfolk and a merfolk
siren (mesmerising).

Vanquished Creatures
  Kirke (D:14)
  Agnes (D:14)
  An orc warlord (Orc:1)
  Snorg (D:13)
  An ettin (Orc:1)
  2 merfolk impalers (Shoals:2)
  Josephine (D:11)
  5 hydras
  2 catoblepae
  Harold (D:11)
  8 vault guards (D:14)
  A merfolk avatar (Shoals:2)
  4 ogre magi (Orc:2)
  4 centaur warriors
  A merfolk aquamancer (Shoals:2)
  17 two-headed ogres
  2 boulder beetles
  An orc high priest (Orc:1)
  A death knight (D:14)
  A vampire mage (D:15)
  3 tengu warriors (D:13)
  6 death yaks (Lair:4)
  A sun demon (D:12)
  2 skeletal warriors (D:15)
  3 skysharks
  8 sea snakes
  A necromancer (D:14)
  2 phantasmal warriors (D:14)
  18 harpies
  A deep elf pyromancer (D:15)
  2 orc knights (Orc:1)
  A shadow dragon zombie (D:15)
  8 fauns
  8 ugly things
  2 frost giant zombies (D:15)
  3 cyclopes
  2 orc sorcerers
  8 manticores
  6 merfolk sirens
  4 elephants (Lair:2)
  A rust devil (D:12)
  6 black mambas
  A torpor snail (Lair:3)
  2 water nymphs (Shoals:2)
  3 gargoyles (D:11)
  9 cane toads
  An unseen horror (D:13)
  A rime drake (shapeshifter) (D:14)
  4 rime drakes
  9 komodo dragons
  A queen bee (D:9)
  3 tengu conjurers
  A troll (shapeshifter) (D:15)
  A red devil (D:12)
  8 merfolk
  A wind drake (Shoals:3)
  3 trolls
  10 polar bears
  3 blink frogs (Lair:5)
  A hornet (D:10)
  10 dream sheep
  Prince Ribbit (D:8)
  3 raiju (Lair:5)
  7 snapping turtles
  13 slime creatures
  A spriggan zombie (D:15)
  3 shadows
  9 wraiths
  6 water elementals
  2 wyverns
  7 culicivoras (Lair:2)
  A basilisk (Lair:2)
  33 yaks
  2 hogs (D:14)
  A redback (Lair:2)
  4 vampire mosquitoes (D:13)
  8 wargs
  2 acid dragons
  10 water moccasins
  18 orc warriors
  4 ice beasts
  14 hell hounds (Lair:5)
  13 black bears
  A sky beast (D:8)
  27 wolves
  34 ogres
  3 boggarts (D:14)
  16 centaurs
  12 bullfrogs
  8 kobold brigands
  3 elf zombies (Ossuary)
  2 gnoll sergeants
  2 scorpions (D:5)
  11 wights
  29 killer bees
  4 electric eels
  3 vampire bats (Lair:5)
  2 howler monkeys
  3 centaur zombies (Ossuary)
  6 human zombies (Ossuary)
  3 hounds
  Crazy Yiuf (D:2)
  10 orc priests
  6 jellies
  2 sleepcaps (D:7)
  5 iguanas
  Natasha (D:2)
  14 orc wizards
  4 hell rats (Lair:4)
  3 mummies (Ossuary)
  7 adders
  14 gnolls
  A white imp (D:5)
  An ufetubus (D:5)
  3 dart slugs
  57 orcs
  6 bats
  7 endoplasms
  2 giant cockroaches (D:4)
  5 goblins
  5 hobgoblins
  8 jackals
  19 kobolds
  5 quokkas
  13 ball pythons
  A frilled lizard (D:2)
  3 rats
  A butterfly (Lair:4)
759 creatures vanquished.

Vanquished Creatures (collateral kills)
  A fenstrider witch (Shoals:1)
  A centaur warrior (Shoals:1)
  A water nymph (Shoals:2)
3 creatures vanquished.

Vanquished Creatures (others)
  An orc (Orc:2)
1 creature vanquished.

Grand Total: 763 creatures vanquished

Notes
Turn   | Place    | Note
-------+----------+-------------------------------------------
     0 | D:1      | javelincjr the Troll Shapeshifter began the quest for the
                  | Orb.
     0 | D:1      | Reached XP level 1. HP: 18/18 MP: 0/0
    95 | D:1      | Reached skill level 1 in Fighting
   103 | D:1      | Reached XP level 2. HP: 24/27 MP: 1/1
   615 | D:1      | Reached XP level 3. HP: 30/33 MP: 2/2
  1402 | D:2      | Reached XP level 4. HP: 36/41 MP: 3/3
  1565 | D:2      | Noticed Natasha
  1575 | D:2      | Killed Natasha
  1917 | D:2      | Found a runed translucent door.
  1918 | D:2      | Noticed Crazy Yiuf
  1926 | D:2      | Killed Crazy Yiuf
  1927 | D:2      | Reached XP level 5. HP: 49/49 MP: 4/4
  2094 | D:3      | Found a burning altar of Makhleb.
  2307 | D:3      | Found Mauxtire's Book Boutique.
  2408 | D:3      | Found a hide-covered altar of Uskayaw.
  2485 | D:3      | Reached skill level 4 in Unarmed Combat
  2508 | D:3      | Found a faded altar of an unknown god.
  2665 | D:4      | Found the +4 robe of Augmentation {Str+4 Int+4 Dex+4}
  2665 | D:4      | Found a staircase to the Ecumenical Temple.
  2674 | Temple   | Entered the Ecumenical Temple
  2683 | Temple   | Became a worshipper of Qazlal Stormbringer
  2732 | D:4      | HP: 1/50 [iguana (9)]
  2739 | D:4      | Reached XP level 6. HP: 18/59 MP: 5/5
  3016 | D:4      | Found a sand-covered staircase.
  3028 | Ossuary  | Entered an ossuary
  3049 | Ossuary  | Reached skill level 1 in Invocations
  3068 | Ossuary  | Reached * piety under Qazlal
  3088 | Ossuary  | Reached XP level 7. HP: 67/67 MP: 6/6
  3191 | Ossuary  | Reached skill level 5 in Unarmed Combat
  3348 | D:4      | Reached skill level 5 in Shapeshifting
  3543 | D:4      | Found a glowing silver altar of Zin.
  3594 | D:5      | Entered Level 5 of the Dungeon
  3847 | D:5      | Reached XP level 8. HP: 71/78 MP: 8/8
  3889 | D:5      | Found a runed translucent gate.
  3957 | D:5      | Learned a level 2 spell: Wereblood
  4328 | D:5      | Found a runed translucent gate.
  4328 | D:5      | Noticed rvierbuc's ghost (novice DsCj)
  4329 | D:5      | Found a runed translucent gate.
  4365 | D:5      | Reached skill level 6 in Unarmed Combat
  4668 | D:6      | Reached ** piety under Qazlal
  4757 | D:6      | Reached XP level 9. HP: 87/87 MP: 10/10
  5032 | D:6      | Reached skill level 5 in Fighting
  5324 | D:7      | Found a flagged portal.
  5332 | Bailey   | Entered a bailey
  5412 | Bailey   | Reached skill level 7 in Unarmed Combat
  5568 | Bailey   | Found an iron altar of Okawaru.
  5799 | D:7      | Reached *** piety under Qazlal
  6726 | D:8      | Reached XP level 10. HP: 81/93 MP: 12/12
  6848 | D:8      | Identified the +1 robe of Birdsong {+Blink rC- Will+ Str+3}
  6901 | D:8      | Noticed Prince Ribbit
  6913 | D:8      | Killed Prince Ribbit
  6914 | D:8      | Reached skill level 8 in Unarmed Combat
  7189 | D:9      | Identified the +0 leather armour "Rojak" {rElec rC+ Str-4}
  7199 | D:9      | Found a radiant altar of Vehumet.
  7199 | D:9      | Found an iron altar of Okawaru.
  7199 | D:9      | Found a glowing golden altar of the Shining One.
  7200 | D:9      | Found an ornate altar of the Wu Jian Council.
  7331 | D:9      | Found a staircase to the Orcish Mines.
  7426 | D:9      | Found a shimmering altar of Xom.
  7539 | D:9      | Reached skill level 5 in Dodging
  7563 | D:9      | Found a staircase to the Lair.
  7629 | D:9      | Reached **** piety under Qazlal
  7813 | D:9      | Reached skill level 9 in Unarmed Combat
  7859 | D:9      | Reached XP level 11. HP: 63/109 MP: 13/13
  7860 | D:9      | Reached skill level 5 in Invocations
  8135 | D:10     | Entered Level 10 of the Dungeon
  8755 | D:10     | Noticed a two-headed ogre
  8760 | D:10     | Killed a two-headed ogre
  9103 | D:11     | Noticed Josephine
  9109 | D:11     | Reached skill level 1 in Shields
  9119 | D:11     | Killed Josephine
  9120 | D:11     | Reached skill level 1 in Armour
  9130 | D:11     | Reached skill level 1 in Transmutations
  9140 | D:10     | Reached ***** piety under Qazlal
  9283 | D:11     | Noticed Harold
  9295 | D:11     | Killed Harold
  9306 | D:11     | Noticed a boulder beetle
  9320 | D:11     | Killed a boulder beetle
  9321 | D:11     | Reached skill level 10 in Unarmed Combat
  9803 | Lair:1   | Entered Level 1 of the Lair of Beasts
  9887 | Lair:1   | Reached XP level 12. HP: 97/119 MP: 15/15
 10612 | Lair:2   | Noticed an eight-headed hydra
 10618 | Lair:2   | Killed a ten-headed hydra
 10772 | Lair:2   | Reached skill level 10 in Shapeshifting
 10895 | Lair:2   | Found a staircase to the Shoals.
 11019 | Lair:2   | Found a hole to the Spider Nest.
 11556 | Lair:3   | Reached skill level 11 in Unarmed Combat
 11923 | Lair:3   | Reached XP level 13. HP: 118/131 MP: 16/16
 12947 | Lair:4   | Identified the +6 flail "Ijiomuoq" {heavy, rElec Stlth+}
 12952 | Lair:4   | Reached ****** piety under Qazlal
 12980 | Lair:4   | Found a staircase to the Slime Pits.
 12990 | Lair:4   | Found a viscous altar of Jiyva.
 13531 | Lair:5   | Entered Level 5 of the Lair of Beasts
 14182 | Lair:5   | Reached skill level 12 in Unarmed Combat
 14282 | Lair:5   | Reached XP level 14. HP: 131/141 MP: 18/18
 14290 | Lair:5   | Got the Tome of the Serpent
 14393 | Lair:5   | Reached skill level 10 in Fighting
 14624 | Shoals:1 | Entered Level 1 of the Shoals
 14739 | Shoals:1 | Noticed a fenstrider witch
 14745 | Shoals:1 | Killed a fenstrider witch
 14996 | Shoals:1 | Reached skill level 5 in Armour
 15794 | Shoals:2 | HP: 4/144 [merfolk/+0 trident[a merfolk impaler] (7)]
 15970 | Orc:1    | Entered Level 1 of the Orcish Mines
 16081 | Orc:1    | Found an ornate altar of the Wu Jian Council.
 16081 | Orc:1    | Found a transporter.
 16226 | Orc:1    | Found a transporter.
 16248 | Orc:1    | Found a transporter.
 16249 | Orc:1    | Found an ornate altar of the Wu Jian Council.
 16250 | Orc:1    | Noticed an orc warlord
 16431 | Orc:1    | Found a transporter.
 16608 | Orc:1    | HP: 7/144 [orc warlord/+5 demon blade (15)]
 16613 | Orc:1    | Killed an orc warlord
 16718 | Orc:1    | Reached skill level 13 in Unarmed Combat
 16767 | Orc:2    | Entered Level 2 of the Orcish Mines
 16967 | Orc:2    | Reached XP level 15. HP: 60/152 MP: 17/19
 16977 | Orc:2    | Reached skill level 5 in Transmutations
 17265 | Orc:2    | Found a staircase to the Elven Halls.
 17444 | Orc:2    | Paralysed by something for 4 turns
 17451 | Orc:2    | Found Zionisagh's Antique Armour Boutique.
 17451 | Orc:2    | Found Ryeh Berph's General Store.
 17452 | Orc:2    | Found Ylles's General Store.
 17452 | Orc:2    | Found Bemiomeo's General Store.
 17469 | Orc:2    | Bought a potion of heal wounds for 70 gold pieces
 19347 | D:13     | Noticed Snorg
 19350 | D:13     | Killed Snorg
 19930 | D:14     | Found a gate to the Vaults.
 20053 | D:14     | Noticed Agnes
 20061 | D:14     | Killed Agnes
 20103 | D:14     | Reached skill level 14 in Unarmed Combat
 20158 | D:14     | Noticed Kirke
 20163 | D:14     | Killed Kirke
 20597 | D:15     | Entered Level 15 of the Dungeon
 20715 | D:15     | Reached XP level 16. HP: 68/157 MP: 21/21
 20959 | D:15     | Found a staircase to the Depths.
 22494 | Shoals:3 | Found Awnuuni's Distillery.
 22520 | Shoals:3 | HP: 5/165 [merfolk/+0 trident[a merfolk impaler] (9)]
 22522 | Shoals:3 | Slain by a merfolk

Illustrated notes

Levels and vault maps discovered:
D:1:      minmay_arrival_four_loops, layout_loops_corners, minmay_pentomino_t2
D:2:      layout_basic, serial_glass, glass_columns_b, glass_columns_b,
          glass_columns_b, serial_bayou_pond_a, hangedman_decor_growths,
          uniq_crazy_yiuf_cottage, uniq_natasha
D:3:      layout_loops_ring, mainiacjoe_overflow_chevrons, lemuel_doored_altar,
          nicolae_ecumenical_snake_handling, serial_shops,
          nicolae_shop_tiny_statue_garden, grunt_ministairs_3
D:4:      layout_basic, zin_statuary, minmay_temple_entry_statues_pillars,
          lightli_ossuary_entry_decrepit_ruins
D:5:      layout_layer_cave, gammafunk_ghost_nasty_kobolds
D:6:      layout_basic, minivault_10, minivault_25, wad_rectangle_vault
D:7:      layout_cave_pools, enter_bailey_6
D:8:      layout_layer_cave, uniq_prince_ribbit1
D:9:      layout_loops_ring, tgw_xom,
          chequers_temple_overflow_statue_of_worship, hellmonk_lair_entry_icy,
          david_orc_4, special_room [special_room_bee],
          nicolae_twisty_statue_hallways
D:10:     layout_layer_cave, grunt_decor_resistance, kennysheep_boxes
D:11:     layout_rooms, uniq_josephine, uniq_harold
D:12:     layout_layer_cave, serial_demonic, serial_demonic_g, serial_demonic_e,
          serial_demonic_b, serial_demonic_g
D:13:     layout_grid_maze, uniq_snorg
D:14:     layout_roguey, erik_vaults_2, chequers_big_river, uniq_agnes,
          uniq_kirke
D:15:     gammafunk_depths_entry_grave, layout_small_grid
Temple:   nicolae_temple_ecumenical_triangle
Lair:1:   layout_chaotic_city
Lair:2:   layout_long_grid, shoals_dummy_entry,
          nicolae_spider_entry_tight_spaces, lemuel_old_faithful
Lair:3:   layout_small_grid
Lair:4:   layout_cave_pods, nicolae_slime_entry_field_trip,
          serial_bayou_shore_a, lemuel_fruit_fields
Lair:5:   hangedman_lair_caniforms_friends, layout_gridlike,
          chequers_serial_rivers_micro_b, roderic_batcave
Shoals:1: layout_shoals, nicolae_shoals_beach_house_on_fowls_legs
Shoals:2: layout_shoals
Shoals:3: layout_shoals, serial_shops, shop
Orc:1:    dreamdust_wu_jian_sword_trials, layout_diamond_mine, basic_altar
Orc:2:    st_orc_ogre_mass, layout_caves, nicolae_orc_crystal_geode

Skill      XL: |  1  2  3  4  5  6  7  8  9 10 11 12 13 14 15 16 |
---------------+-------------------------------------------------+-----
Fighting       | 1 2 3 4 6 7 8 9 10 11 12 | 12.1
Dodging        | 2 3 4 5 6 7 8 |  8.9
Unarmed Combat | 4 5 6 7 9 10 11 12 13 14 | 14.6
Shapeshifting  | 4 5 6 7 8 9 10 11 12 13 | 13.5
Invocations    | 1 2 3 4 5 6 7 8 9 |  9.1
Shields        | 2 3 |  3.0
Armour         | 2 3 4 5 6 |  6.8
Transmutations | 1 3 4 5 |  5.2
Stealth        | |  0.6

Action                     |  1- 3 |  4- 6 |  7- 9 | 10-12 | 13-15 | 16-18 || total
---------------------------+-------+-------+-------+-------+-------+-------++-------
  Melee: Unarmed           |    69 |   171 |   325 |   590 |   885 |   164 ||  2204
         Punch             |     1 |     5 |    15 |       |    34 |    14 ||    69
   Cast: Wereblood         |       |       |     1 |     3 |    15 |       ||    19
 Invoke: Upheaval          |       |       |       |     1 |     2 |     2 ||     5
         Elemental Force   |       |       |       |       |     5 |       ||     5
Ability: Begin Untransform |       |     1 |       |       |       |       ||     1
    Use: Potion            |       |     2 |       |     1 |     6 |     4 ||    13
         Scroll            |       |     6 |     6 |     8 |    14 |     1 ||    35
   Stab: Sleeping          |     1 |       |       |       |       |       ||     1
         Distracted        |       |       |       |       |     1 |       ||     1
         Paralysed         |       |       |       |       |     1 |       ||     1
         Petrifying        |       |       |       |       |     1 |       ||     1
 Armour: Animal skin       |    19 |    27 |       |       |       |       ||    46
         Robe              |       |    20 |   131 |   201 |   270 |    40 ||   662
  Dodge: Dodged            |    20 |    76 |   161 |   316 |   400 |    85 ||  1058
         Repelled          |       |       |       |     5 |     9 |     1 ||    15
  Block: Other             |       |       |    41 |   138 |   370 |    60 ||   609
   Form: Flux              |       |       |     1 |       |       |       ||     1
         Blade             |       |       |       |       |     1 |       ||     1

Table legend: (Time is in decaauts)
 A = Elapsed time spent in this place.
 B = Non-inter-level travel time spent in this place.
 C = Inter-level travel time spent in this place.
 D = Time resting spent in this place.
 E = Time spent auto-exploring this place.
 F = Levels seen in this place.
 G = Mean time per level.
                   A        B        C        D        E       F      G
               +--------+--------+--------+--------+--------+-----+--------+
         Total |  22180 |  21030 |   1150 |    846 |  15101 |  28 |  792.1 |
       Dungeon |  13236 |  12467 |    769 |    453 |   9478 |  15 |  882.4 |
        Temple |     38 |     38 |      0 |      8 |      0 |   1 |   38.0 |
          Lair |   4809 |   4562 |    247 |     79 |   3457 |   5 |  961.8 |
        Shoals |   2055 |   1974 |     81 |    196 |   1236 |   3 |  685.0 |
  Orcish Mines |   1599 |   1546 |     53 |    110 |    843 |   2 |  799.5 |
       Ossuary |    186 |    186 |      0 |      0 |     58 |   1 |  186.0 |
        Bailey |    254 |    254 |      0 |      0 |     29 |   1 |  254.0 |
               +--------+--------+--------+--------+--------+-----+--------+

Top non-repeatable levels by time:
Shoals:1: 1230 daAuts
    D:13: 1215 daAuts
     D:2: 1119 daAuts
    D:10: 1068 daAuts
     D:9: 1065 daAuts
  Lair:3: 1049 daAuts
  Lair:2: 995 daAuts
  Lair:5: 979 daAuts
     D:6: 979 daAuts
  Lair:4: 962 daAuts
    D:12: 949 daAuts
     D:8: 940 daAuts
     D:5: 919 daAuts
    D:14: 904 daAuts
   Orc:1: 895 daAuts
